[Event "Titled Tuesday Blitz April 12 Early 2022"]
[White "Rudzinska, Michalina"]
[Black "Omariev, Maksim"]
[WhiteFideId "1172883"]
[BlackFideId "4193423"]
[WhiteElo "1904"]
[BlackElo "2489"]
[Result "0-1"]
[Round "03"]
[TimeControl "180+1"]
[Date "2022.04.13"]
[WhiteClock "0:00:08"]
[BlackClock "0:00:11"]

1. e4 h5 2. d4 h4 3. Nc3 c6 4. f4 d5 5. e5 h3 6. g3 Bf5 7. Be2 e6 8. Nf3 c5 9. Be3 Nd7 10. O-O Nh6 11. dxc5 Ng4 12. Bd4 Bxc5 13. Nb5 Qb6 14. Nd6+ Kf8 15. Nxf5 exf5 16. c3 Qxb2 17. Rb1 Qxa2 18. Rxb7 Bxd4+ 19. Nxd4 Nc5 20. Rc7 Ne3 21. Qe1 Nxf1 22. Qxf1 Ne6 23. Nxe6+ fxe6 24. Qf2 Kg8 25. Qf3 Rb8 26. g4 Rh4 27. gxf5 exf5 28. c4 Rg4+ 29. Kh1 Rb1+ 30. Bf1 Qg2+ 31. Qxg2 hxg2+ 32. Kg1 gxf1=Q# 0-1


[Site "https://www.chess.com"]

[Event "Titled Tuesday Blitz April 12 Early 2022"]
[White "Rustemov, Alexander"]
[Black "Nakamura, Hikaru"]
[WhiteFideId "4119002"]
[BlackFideId "2016192"]
[WhiteElo "2832"]
[BlackElo "2850"]
[Result "0-1"]
[Round "03"]
[TimeControl "180+1"]
[Date "2022.04.12"]
[WhiteClock "0:00:04"]
[BlackClock "0:00:41"]

1. d4 g6 2. Nf3 Bg7 3. c4 d6 4. g3 Nf6 5. Bg2 O-O 6. Nc3 Nc6 7. O-O Bg4 8. h3 Bxf3 9. Bxf3 Nd7 10. e3 e5 11. d5 Ne7 12. e4 f5 13. h4 h6 14. h5 g5 15. exf5 Nxf5 16. Bg4 Nd4 17. Be3 Nf6 18. Bxd4 exd4 19. Be6+ Kh8 20. Nb5 Ne4 21. Nxd4 Qf6 22. Nf5 Rae8 23. g4 Nc5 24. Rb1 Nxe6 25. dxe6 Rxe6 26. Re1 Rfe8 27. Rxe6 Qxe6 28. b3 Qe4 29. f3 Qe2 30. Qxe2 Rxe2 31. Kf1 Rxa2 32. Re1 Be5 33. Nxh6 Kg7 34. Nf5+ Kf6 35. Re2 Ra1+ 36. Kf2 Rb1 37. Re3 Rb2+ 38. Ke1 a5 39. Kd1 b6 40. Kc1 Ra2 41. Rd3 Rh2 42. Kd1 Ke6 43. Rd2 Rh1+ 44. Kc2 Rf1 45. Rd3 Rf2+ 46. Kd1 c6 47. Rd2 Rf1+ 48. Ke2 Rb1 49. Rd3 Rb2+ 50. Ke3 Bf4+ 51. Ke4 Re2+ 52. Ne3 d5+ 53. cxd5+ cxd5+ 0-1


[Site "https://www.chess.com"]

[Event "Titled Tuesday Blitz April 12 Early 2022"]
[White "Sadilek, Peter"]
[Black "Shohat, Yotam"]
[WhiteFideId "1616439"]
[BlackFideId "2813955"]
[WhiteElo "2145"]
[BlackElo "2119"]
[Result "0-1"]
[Round "03"]
[TimeControl "180+1"]
[Date "2022.04.13"]
[WhiteClock "0:00:01"]
[BlackClock "0:00:19"]

1. d4 Nf6 2. c4 c5 3. d5 b5 4. cxb5 a6 5. Nc3 g6 6. e4 d6 7. Nf3 Bg7 8. bxa6 Qa5 9. Bb5+ Nfd7 10. Bd2 O-O 11. a4 Bxa6 12. O-O Ne5 13. Nxe5 Bxe5 14. h4 Qb4 15. Qc2 Bxb5 16. axb5 Nd7 17. h5 Nb6 18. hxg6 fxg6 19. Na4 Qxb5 20. Nxb6 Qxb6 21. Bc3 Bxc3 22. Qxc3 Rxa1 23. Rxa1 Rb8 24. Qh3 Qxb2 25. Qe6+ Kf8 26. Ra7 Qc1+ 27. Kh2 Qf4+ 28. Kh3 Qf7 29. Qxf7+ Kxf7 30. Kg4 Rc8 31. Ra3 Kf6 32. Kf4 g5+ 33. Ke3 Ke5 34. f3 h5 35. Ra7 Kf6 36. Ra3 h4 37. f4 g4 0-1


[Site "https://www.chess.com"]

[Event "Titled Tuesday Blitz April 12 Early 2022"]
[White "Sadykov, Ramil"]
[Black "Sahil, Tickoo"]
[WhiteFideId "24113590"]
[BlackFideId "5019710"]
[WhiteElo "2300"]
[BlackElo "2099"]
[Result "0-1"]
[Round "03"]
[TimeControl "180+1"]
[Date "2022.04.13"]
[WhiteClock "0:00:01"]
[BlackClock "0:01:16"]

1. d4 Nf6 2. Nc3 d5 3. Bf4 e6 4. e3 Bd6 5. Qf3 Bxf4 6. Qxf4 Qd6 7. Qxd6 cxd6 8. Nb5 Kd7 9. a4 a6 10. Na3 Nc6 11. c3 b6 12. Nf3 Bb7 13. Bd3 Rac8 14. Ke2 Rhd8 15. Nd2 Ke7 16. b4 h5 17. Nb3 e5 18. b5 Nb8 19. Rhc1 Ne4 20. Nb1 a5 21. f3 Nf6 22. N1d2 e4 23. fxe4 Nxe4 0-1


[Site "https://www.chess.com"]

[Event "Titled Tuesday Blitz April 12 Early 2022"]
[White "Samant Aditya S"]
[Black "Odegov, Artem"]
[WhiteFideId "35080580"]
[BlackFideId "34183644"]
[WhiteElo "1916"]
[BlackElo "2286"]
[Result "0-1"]
[Round "03"]
[TimeControl "180+1"]
[Date "2022.04.13"]
[WhiteClock "0:00:09"]
[BlackClock "0:00:23"]

1. d4 Nf6 2. c4 g6 3. Nc3 Bg7 4. e4 d6 5. h3 O-O 6. Nf3 c5 7. d5 e6 8. Bd3 exd5 9. exd5 Re8+ 10. Be3 Nbd7 11. O-O h6 12. Bf4 Nf8 13. Nb5 Ne4 14. Qc2 a6 15. Bxe4 axb5 16. cxb5 Qf6 17. Bg3 Bd7 18. a4 Re7 19. Rad1 Rae8 20. Bd3 Bxh3 21. Nd2 Bf5 22. Bxf5 gxf5 23. Bf4 Ng6 24. Bh2 f4 25. Nc4 Nh4 26. f3 Re2 27. Rd2 Qd4+ 28. Kh1 Rxd2 29. Nxd2 Re2 30. a5 Rxd2 31. Qe4 Qxe4 32. fxe4 Rxb2 33. a6 bxa6 34. bxa6 Ra2 35. Bxf4 Rxa6 36. Kh2 Ng6 37. Bg3 Be5 38. Bxe5 Nxe5 39. Rb1 c4 40. Rb8+ Kg7 41. Rc8 Ra2 42. Kg3 Rc2 0-1


[Site "https://www.chess.com"]

[Event "Titled Tuesday Blitz April 12 Early 2022"]
[White "Sapunov, Evgeny"]
[Black "Avalos Parra, Joao"]
[WhiteFideId "4126661"]
[BlackFideId "3402541"]
[WhiteElo "2470"]
[BlackElo "2173"]
[Result "1-0"]
[Round "03"]
[TimeControl "180+1"]
[Date "2022.04.13"]
[WhiteClock "0:01:57"]
[BlackClock "0:00:42"]

1. c4 Nf6 2. Nf3 g6 3. Nc3 Bg7 4. e4 d6 5. d4 O-O 6. Be2 e5 7. O-O Na6 8. Be3 Ng4 9. Bg5 Qe8 10. Re1 f6 11. Bh4 g5 12. Bg3 h5 13. h3 Nh6 14. d5 Qe7 15. Nd2 h4 16. Bh2 f5 17. exf5 Nxf5 18. Bg4 Nd4 19. Nde4 Bxg4 20. Qxg4 Nc2 21. Nxg5 Nxa1 22. Rxa1 Nc5 23. b4 Nd3 24. Nce4 Qe8 25. Ne6 Qf7 26. f3 Rae8 27. a3 Rxe6 28. dxe6 Qf5 29. e7 1-0


[Site "https://www.chess.com"]

[Event "Titled Tuesday Blitz April 12 Early 2022"]
[White "Savchenko, Boris"]
[Black "Ibadov, Dashgyn"]
[WhiteFideId "4147332"]
[BlackFideId "24107514"]
[WhiteElo "2557"]
[BlackElo "2138"]
[Result "0-1"]
[Round "03"]
[TimeControl "180+1"]
[Date "2022.04.13"]
[WhiteClock "0:00:53"]
[BlackClock "0:00:53"]

1. Nc3 d5 2. e3 Nf6 3. f4 c5 4. Bb5+ Bd7 5. Qe2 Nc6 6. Nf3 e6 7. Nd1 Bd6 8. Nf2 O-O 9. a3 a6 10. Bxc6 Bxc6 11. d3 Qe7 12. Ne5 Bxe5 13. fxe5 Nd7 14. d4 cxd4 15. exd4 f6 16. Bf4 fxe5 17. Bxe5 Nxe5 18. Qxe5 Bb5 19. Ng4 Rf5 20. Qg3 Rg5 21. Qh4 Re5+ 22. dxe5 Qxh4+ 23. Nf2 Rf8 24. g3 Qd4 25. Rd1 Qe3# 0-1


[Site "https://www.chess.com"]

[Event "Titled Tuesday Blitz April 12 Early 2022"]
[White "Secheres, Adrian-Simion"]
[Black "Bluebaum, Matthias"]
[WhiteFideId "1217445"]
[BlackFideId "24651516"]
[WhiteElo "2277"]
[BlackElo "2550"]
[Result "0-1"]
[Round "03"]
[TimeControl "180+1"]
[Date "2022.04.12"]
[WhiteClock "0:00:11"]
[BlackClock "0:00:43"]

1. d4 Nf6 2. c4 e6 3. Nf3 d5 4. Nc3 Bb4 5. Bg5 h6 6. Bxf6 Qxf6 7. Qa4+ Nc6 8. e3 O-O 9. Rd1 Rd8 10. Be2 Bd7 11. Qc2 dxc4 12. Bxc4 Bf8 13. O-O Rac8 14. Ne4 Qg6 15. a3 f5 16. Nc5 Bxc5 17. dxc5 Qf6 18. b4 Be8 19. Rxd8 Rxd8 20. Rd1 Bf7 21. h3 Kf8 22. Rxd8+ Qxd8 23. Kf1 a6 24. Ke1 Qf6 25. Ba2 Qa1+ 26. Ke2 Ke7 27. Nd2 Qg1 28. g3 Bh5+ 29. g4 fxg4 30. hxg4 Bxg4+ 31. f3 Qg2+ 32. Kd3 Bxf3 33. Nxf3 Qxf3 34. Qh2 Qd1+ 35. Kc3 Qc1+ 36. Kb3 Qxe3+ 37. Ka4 Kd7 38. Qg2 g5 39. Qc2 b5+ 40. cxb6 cxb6 41. Bxe6+ Qxe6 42. Qh7+ Kd6 43. Qd3+ Kc7 44. Qh7+ Ne7 0-1


[Site "https://www.chess.com"]

[Event "Titled Tuesday Blitz April 12 Early 2022"]
[White "Shandrygin, Nikita"]
[Black "Sychev, Klementy"]
[WhiteFideId "24198668"]
[BlackFideId "4114060"]
[WhiteElo "2323"]
[BlackElo "2564"]
[Result "0-1"]
[Round "03"]
[TimeControl "180+1"]
[Date "2022.04.13"]
[WhiteClock "0:01:40"]
[BlackClock "0:01:58"]

1. Nf3 Nf6 2. g3 g6 3. Bg2 Bg7 4. O-O O-O 5. d4 d6 6. b3 a5 7. a3 e5 8. dxe5 dxe5 9. Bb2 e4 10. Ng5 Qe7 11. Nc3 Bf5 12. Nd5 Nxd5 13. Bxg7 Kxg7 14. Qxd5 Qxg5 0-1


[Site "https://www.chess.com"]

[Event "Titled Tuesday Blitz April 12 Early 2022"]
[White "Shevtchenko, Olesya"]
[Black "Ehlvest, Jaan"]
[WhiteFideId "24131890"]
[BlackFideId "4500016"]
[WhiteElo "2003"]
[BlackElo "2505"]
[Result "0-1"]
[Round "03"]
[TimeControl "180+1"]
[Date "2022.04.13"]
[WhiteClock "0:00:00"]
[BlackClock "0:01:03"]

1. e4 c5 2. Nf3 e6 3. d4 cxd4 4. Nxd4 a6 5. Nc3 b5 6. Qd3 Bb7 7. a3 Ne7 8. Qg3 Nbc6 9. Be3 Nxd4 10. Bxd4 Nc6 11. Be3 b4 12. axb4 Nxb4 13. Bd3 h5 14. h4 Rc8 15. Ra4 Qc7 16. Kd2 Qxg3 17. fxg3 Nxd3 18. cxd3 Bd6 19. Rh2 Bxg3 20. Rh1 Be5 21. d4 Bf6 22. Kd3 d6 23. Bg5 Kd7 24. Bxf6 gxf6 0-1


[Site "https://www.chess.com"]

[Event "Titled Tuesday Blitz April 12 Early 2022"]
[White "Shtyka, Sergey"]
[Black "Madaminov, Mukhiddin"]
[WhiteFideId "4138465"]
[BlackFideId "14210703"]
[WhiteElo "2014"]
[BlackElo "1916"]
[Result "1-0"]
[Round "03"]
[TimeControl "180+1"]
[Date "2022.04.13"]
[WhiteClock "0:00:07"]
[BlackClock "0:00:01"]

1. e4 e6 2. Nf3 d5 3. e5 c5 4. b4 Nc6 5. bxc5 Bxc5 6. d4 Bb6 7. c3 f6 8. Bd3 fxe5 9. Nxe5 Nxe5 10. dxe5 Ne7 11. Qh5+ g6 12. Qh6 Qc7 13. Bf4 Bd7 14. O-O O-O-O 15. Nd2 Rdf8 16. Bg3 Nf5 17. Bxf5 Rxf5 18. c4 Rhf8 19. cxd5 Kb8 20. Qxh7 Qc2 21. Nf3 R5f7 22. Qh6 Ka8 23. dxe6 Bxe6 24. Rac1 Qxa2 25. Qxg6 Bd5 26. Rc2 Qb3 27. Rfc1 Bc6 28. Rxc6 bxc6 29. Qxc6+ Rb7 30. e6 Rh8 31. e7 Qf7 32. Qc8+ Rb8 33. Bxb8 Rxc8 34. Rxc8 Qa2 35. Be5+ Kb7 36. Rb8+ Ka6 37. h3 Qxf2+ 38. Kh2 Qf1 39. e8=Q Bg1+ 40. Nxg1 1-0


[Site "https://www.chess.com"]

[Event "Titled Tuesday Blitz April 12 Early 2022"]
[White "Silva, Kaua Marques"]
[Black "Beerdsen, Thomas"]
[WhiteFideId "22701168"]
[BlackFideId "1030108"]
[WhiteElo "2071"]
[BlackElo "2585"]
[Result "1/2-1/2"]
[Round "03"]
[TimeControl "180+1"]
[Date "2022.04.13"]
[WhiteClock "0:00:06"]
[BlackClock "0:00:06"]

1. e4 g5 2. h4 gxh4 3. Nf3 d5 4. exd5 Qxd5 5. Nc3 Qe6+ 6. Be2 Nf6 7. d3 Rg8 8. Nxh4 Nc6 9. Be3 Bg7 10. Qd2 Nd5 11. Nxd5 Qxd5 12. c4 Qd6 13. O-O-O Be6 14. Kb1 O-O-O 15. a3 Kb8 16. Qc2 Nd4 17. Bxd4 Bxd4 18. Bf3 Qb6 19. Rd2 Rg5 20. g3 Ra5 21. Kc1 Rc5 22. Ng2 Qa6 23. Kb1 b5 24. Nf4 Bf5 25. Qb3 Qb6 26. g4 Bc8 27. Nd5 bxc4 28. Qxb6+ axb6 29. dxc4 Be5 30. Re2 f6 31. Nxe7 Bb7 32. Bxb7 Kxb7 33. Rc2 Rd4 34. Rxh7 Rxg4 35. Nd5 Rgxc4 36. Rxc4 Rxc4 37. Rf7 Rd4 38. Ne3 b5 39. Kc2 Rf4 40. Nd1 Rf3 41. Kd2 Rb3 42. Kc2 Rf3 43. Re7 Kb6 44. Re6+ c6 45. Re8 Kc5 46. b3 Rf4 47. Rd8 Kb6 48. Kd3 Rh4 49. Rg8 Rh1 50. Ke2 Bd6 51. a4 bxa4 52. bxa4 Rh4 53. Ra8 Kb7 54. Ra5 Bc7 55. Rf5 Be5 56. Ne3 Rxa4 57. Kf3 c5 58. Ng4 Bd4 59. Nxf6 c4 60. Ke4 c3 61. Kd3 Kc6 62. Ne4 Bg7 63. Rf7 Be5 64. Re7 Bh8 65. Re8 Rd4+ 66. Ke3 Bg7 67. Rc8+ Kd7 68. Rxc3 Rxe4+ 69. Kxe4 Bxc3 70. f4 Bg7 71. f5 Ke7 72. f6+ Kxf6 1/2-1/2


[Site "https://www.chess.com"]

[Event "Titled Tuesday Blitz April 12 Early 2022"]
[White "Simonovic, Miroslav"]
[Black "Muradov, Soltan"]
[WhiteFideId "919152"]
[BlackFideId "14002108"]
[WhiteElo "2043"]
[BlackElo "1854"]
[Result "0-1"]
[Round "03"]
[TimeControl "180+1"]
[Date "2022.04.13"]
[WhiteClock "0:02:00"]
[BlackClock "0:02:48"]

1. d4 Nf6 2. Bg5 e6 3. e4 h6 4. Bxf6 Qxf6 5. e5 Qe7 6. f4 b6 7. a3 Bb7 8. Nf3 d6 9. c3 Nd7 10. Nbd2 g6 11. Bd3 Bg7 12. Qc2 O-O 13. O-O-O c5 14. exd6 Qxd6 15. dxc5 Nxc5 16. Nc4 Qxf4+ 17. Kb1 Nxd3 18. Qxd3 Be4 0-1


[Site "https://www.chess.com"]

[Event "Titled Tuesday Blitz April 12 Early 2022"]
[White "Sjugirov, Sanan"]
[Black "MikeKorovin"]
[WhiteFideId "4189302"]
[WhiteElo "2602"]
[BlackElo "2716"]
[Result "1-0"]
[Round "03"]
[TimeControl "180+1"]
[Date "2022.04.12"]
[WhiteClock "0:00:45"]
[BlackClock "0:00:05"]

1. e4 e6 2. d4 d5 3. Nd2 Nc6 4. Ngf3 Nf6 5. e5 Nd7 6. Nb3 f6 7. Bb5 a6 8. Bxc6 bxc6 9. O-O a5 10. exf6 Qxf6 11. Bg5 Qg6 12. Bh4 Bd6 13. Bg3 O-O 14. Re1 a4 15. Nc1 c5 16. c3 a3 17. b3 Ba6 18. Qd2 Nf6 19. Ne2 Ne4 20. Qe3 Bxe2 21. Rxe2 cxd4 22. cxd4 Bxg3 23. hxg3 Rac8 24. b4 Rb8 25. Qxa3 Rb6 26. Rc1 Rfb8 27. Rxc7 h6 28. Rb2 Qh5 29. Qa7 Qg4 30. a4 Kh8 31. a5 Rxb4 32. Qxb8+ Rxb8 33. Rxb8+ Kh7 34. Rbb7 Nd6 35. Rxg7+ Qxg7 36. Rxg7+ Kxg7 37. a6 Nb5 38. Kf1 Kf6 39. Ke2 Ke7 40. Kd3 Kd6 41. Ne5 Kc7 42. g4 Kb6 43. Nf7 Kxa6 44. Nxh6 Nd6 45. g5 Ne8 46. f4 Kb6 47. g4 Kc6 48. Nf7 Kd7 49. Ne5+ Ke7 50. f5 exf5 51. gxf5 Nd6 52. f6+ Ke6 53. f7 Nxf7 54. Nxf7 Kxf7 55. Kc3 Kg6 56. Kb4 Kxg5 57. Kc5 Kf6 58. Kxd5 Ke7 59. Kc6 1-0


[Site "https://www.chess.com"]

[Event "Titled Tuesday Blitz April 12 Early 2022"]
[White "Skuhala, Barbara"]
[Black "Przybylski, Wojciech"]
[WhiteFideId "14605465"]
[BlackFideId "1117599"]
[WhiteElo "2155"]
[BlackElo "2133"]
[Result "1-0"]
[Round "03"]
[TimeControl "180+1"]
[Date "2022.04.13"]
[WhiteClock "0:01:24"]
[BlackClock "0:00:04"]

1. e4 e5 2. Nf3 Nf6 3. d4 Nxe4 4. Bd3 Nc6 5. dxe5 Nc5 6. O-O Be7 7. Nc3 d5 8. exd6 Qxd6 9. Re1 Nxd3 10. cxd3 O-O 11. Qe2 Be6 12. Ne4 Nd4 13. Nxd4 Qxd4 14. Be3 Qe5 15. Qf3 Bd5 16. Qg3 Qxg3 17. hxg3 Rfe8 18. b3 b6 19. Rac1 c5 20. Nc3 Bb7 21. Bf4 Rad8 22. Nb5 Bf6 23. Nc7 Rxe1+ 24. Rxe1 g6 25. Nb5 Bd5 26. Nxa7 Ra8 27. Nb5 Rxa2 28. Re8+ Kg7 29. Bd6 g5 30. Nc7 Bxb3 31. Bf8+ Kg6 32. Bd6 h5 33. Rg8+ Kh7 34. Rb8 Rb2 35. Rb7 Kg6 36. Na8 Bd5 37. Rb8 b5 38. Bxc5 Rb1+ 39. Kh2 Be5 40. Rb6+ f6 41. Ra6 h4 42. Nb6 hxg3+ 43. fxg3 Bb7 44. Ra7 Bc6 45. Nc8 Rb2 46. Ne7+ Kh5 47. Nxc6 Bc3 48. d4 f5 49. Ra6 f4 50. gxf4 gxf4 51. Ne5 Rd2 52. Nf3 Re2 53. Rb6 b4 54. Bxb4 Bxb4 55. Rxb4 Kg4 56. d5 Re3 57. d6 Rd3 58. Ne5+ Kh4 59. Nxd3 Kh5 60. d7 Kg5 61. d8=Q+ Kg4 62. Qg8+ Kh5 63. Rb5+ Kh4 64. Qh7+ Kg4 65. Qg6+ Kh4 66. Rh5# 1-0


[Site "https://www.chess.com"]

[Event "Titled Tuesday Blitz April 12 Early 2022"]
[White "Skytte, Rasmus"]
[Black "Lobachev, Yury"]
[WhiteFideId "1404210"]
[BlackFideId "24138177"]
[WhiteElo "2430"]
[BlackElo "2309"]
[Result "0-1"]
[Round "03"]
[TimeControl "180+1"]
[Date "2022.04.13"]
[WhiteClock "0:01:39"]
[BlackClock "0:00:20"]

1. e4 c5 2. Nf3 e6 3. d4 cxd4 4. Nxd4 a6 5. Nc3 b5 6. Be3 Bb7 7. f3 Qc7 8. Qd2 Nf6 9. O-O-O d5 10. exd5 Nxd5 11. Nxd5 Bxd5 12. Nb3 Be7 13. Bd3 O-O 14. c3 b4 15. Qc2 g6 16. h4 bxc3 17. bxc3 Rc8 18. Bd2 Bf6 19. Kb2 a5 20. a4 Nd7 21. h5 Rab8 22. hxg6 Rxb3+ 23. Qxb3 Bxb3 24. gxh7+ Kh8 25. Kxb3 Nc5+ 26. Kc2 Nxd3 27. Kxd3 Qc4+ 28. Ke3 Bg5+ 29. Kf2 Bxd2 30. Rxd2 Qxc3 31. Rd7 Qc5+ 32. Kg3 Qg5+ 33. Kf2 Rc2+ 34. Ke1 Qc1+ 35. Rd1 Qe3+ 36. Kf1 Qf2# 0-1


[Site "https://www.chess.com"]

[Event "Titled Tuesday Blitz April 12 Early 2022"]
[White "Sovetbekova, Nurai"]
[Black "Gracia Alvarez, Gerardo Antonio"]
[WhiteFideId "13801910"]
[BlackFideId "5109124"]
[WhiteElo "1538"]
[BlackElo "2139"]
[Result "0-1"]
[Round "03"]
[TimeControl "180+1"]
[Date "2022.04.13"]
[WhiteClock "0:00:02"]
[BlackClock "0:00:09"]

1. d4 Nf6 2. c4 c5 3. d5 b5 4. cxb5 a6 5. bxa6 g6 6. Nc3 Bg7 7. e4 O-O 8. Nf3 Qa5 9. Bd2 Bxa6 10. Bxa6 Qxa6 11. Qe2 d6 12. Qxa6 Nxa6 13. O-O Rfb8 14. Rab1 Nd7 15. b3 Nb4 16. a4 Rc8 17. Nb5 Nd3 18. Bc3 c4 19. Rfd1 N3c5 20. Bxg7 Kxg7 21. bxc4 Rxa4 22. Rd4 Nb6 23. Nd2 Ncd7 24. Nc3 Ra3 25. Rb3 Rxb3 26. Nxb3 Nxc4 27. f3 Nce5 28. Ne2 Rb8 29. Nd2 Rb2 30. Kf2 Nc5 31. Ke3 f5 32. Nc4 Rb3+ 33. Kf2 Ned3+ 34. Kg3 fxe4 35. fxe4 Nc1+ 36. Kf2 N1d3+ 37. Kg3 Rb1 38. Ne3 Rb3 39. Nf4 Ne5 40. Kf2 Rb2+ 41. Kg3 Kf6 42. Ng4+ Nxg4 43. Kxg4 Ke5 44. Rd1 Nxe4 45. Re1 Rb4 46. Kf3 Rb3+ 47. Kg4 Kd4 48. Ne6+ Ke5 49. Ng5 h5+ 50. Kh4 Rb4 51. Kh3 Kf5 52. Nf3 g5 53. Rf1 g4+ 0-1


[Site "https://www.chess.com"]

[Event "Titled Tuesday Blitz April 12 Early 2022"]
[White "Srihari L R"]
[Black "Prohorov, Olexandr"]
[WhiteFideId "46617116"]
[BlackFideId "14105578"]
[WhiteElo "2121"]
[BlackElo "1993"]
[Result "1-0"]
[Round "03"]
[TimeControl "180+1"]
[Date "2022.04.13"]
[WhiteClock "0:00:38"]
[BlackClock "0:00:03"]

1. Nf3 Nf6 2. c4 g6 3. b4 Bg7 4. Bb2 a5 5. b5 d6 6. e3 O-O 7. d4 c5 8. Be2 cxd4 9. Nxd4 Nbd7 10. O-O Nc5 11. Nd2 e5 12. N4b3 Qe7 13. a4 b6 14. Nxc5 dxc5 15. Nf3 Ne4 16. Qc2 Bb7 17. Rad1 Rad8 18. h3 Ng5 19. Nxg5 Qxg5 20. e4 h5 21. Bc1 Qh4 22. Bf3 f5 23. Rxd8 Rxd8 24. Re1 f4 25. Rd1 Qe7 26. Bb2 Bf6 27. g3 fxg3 28. fxg3 Qe6 29. Rxd8+ Bxd8 30. Qd3 Be7 31. Kh2 Qd6 32. Qe2 Bg5 33. Bc3 Kg7 34. Bg2 Bc8 35. Bf1 Be6 36. Qf3 Bc8 37. Bd3 Bb7 38. Bc2 Bc8 39. Kg2 Bb7 40. h4 Bd2 41. Qd1 Qe6 42. Qxd2 Qxc4 43. Bxe5+ 1-0


[Site "https://www.chess.com"]

[Event "Titled Tuesday Blitz April 12 Early 2022"]
[White "Steil-Antoni, Fiona"]
[Black "Nilsson, Joakim"]
[WhiteFideId "4001249"]
[BlackFideId "1723383"]
[WhiteElo "2059"]
[BlackElo "2207"]
[Result "0-1"]
[Round "03"]
[TimeControl "180+1"]
[Date "2022.04.13"]
[WhiteClock "0:00:01"]
[BlackClock "0:00:16"]

1. e4 c5 2. Nc3 Nc6 3. f4 g6 4. Nf3 Bg7 5. Bb5 Nd4 6. O-O a6 7. Bd3 d6 8. Nxd4 cxd4 9. Ne2 Nf6 10. c3 dxc3 11. dxc3 O-O 12. h3 Bd7 13. Kh2 Bc6 14. Ng3 b5 15. Qe2 Qc7 16. Be3 Qb7 17. Bd4 Rad8 18. Rad1 Rfe8 19. a4 e5 20. fxe5 dxe5 21. Bc5 Rxd3 22. Rxd3 Nxe4 23. Nxe4 Bxe4 24. Re3 f5 25. Rd1 Bh6 26. Rxe4 fxe4 27. Qg4 bxa4 28. Rd7 Bf4+ 29. Kh1 Qxb2 30. Rxh7 Qc1+ 31. Bg1 Kxh7 32. Qd7+ Kh6 33. Qxe8 Be3 34. Qh8+ Kg5 35. Qxe5+ Kh4 36. Qf6+ Kh5 37. Qh8+ Bh6 38. Qe5+ g5 39. Qxe4 Bg7 40. Qg4+ Kh6 41. Qe6+ Kh7 42. Qf5+ Kg8 43. Qe6+ Kf8 44. Qc8+ Kf7 45. Qd7+ Kg6 46. Qe6+ Bf6 47. Qe4+ Kh6 48. c4 a3 49. Qe6 Qb2 0-1


[Site "https://www.chess.com"]

[Event "Titled Tuesday Blitz April 12 Early 2022"]
[White "Suarez Uriel, Adrian"]
[Black "Lewtak, Damian"]
[WhiteFideId "22230874"]
[BlackFideId "1141724"]
[WhiteElo "2316"]
[BlackElo "2362"]
[Result "1-0"]
[Round "03"]
[TimeControl "180+1"]
[Date "2022.04.13"]
[WhiteClock "0:00:42"]
[BlackClock "0:00:16"]

1. e4 c5 2. Ne2 d6 3. g3 g6 4. Bg2 Bg7 5. c3 e5 6. d4 Nc6 7. Be3 exd4 8. cxd4 Qb6 9. Nbc3 cxd4 10. Nd5 Qa5+ 11. Bd2 Qd8 12. O-O Nge7 13. Bg5 O-O 14. Nxe7+ Nxe7 15. Nxd4 h6 16. Be3 Bd7 17. Qd2 Nc6 18. Nxc6 Bxc6 19. Bxh6 Bxh6 20. Qxh6 Qf6 21. Qd2 Rad8 22. Rac1 Rfe8 23. Rfe1 Re6 24. h4 Rde8 25. Qb4 Qe7 26. h5 gxh5 27. Qa5 Re5 28. Qxa7 Bxe4 29. Bxe4 Rxe4 30. Rxe4 Qxe4 31. Qa5 Qe5 32. Qb4 b5 33. Rd1 Re6 34. Qh4 Qxb2 35. Rd5 Qb1+ 36. Kh2 Qe4 37. Qd8+ Kg7 38. Rxh5 Rg6 39. Qh8# 1-0


[Site "https://www.chess.com"]

[Event "Titled Tuesday Blitz April 12 Early 2022"]
[White "Taichman, Ori"]
[Black "Zlatin, Alexander"]
[WhiteFideId "2804069"]
[BlackFideId "2810549"]
[WhiteElo "2227"]
[BlackElo "2228"]
[Result "0-1"]
[Round "03"]
[TimeControl "180+1"]
[Date "2022.04.13"]
[WhiteClock "0:00:01"]
[BlackClock "0:00:10"]

1. e4 e5 2. d4 exd4 3. Qxd4 Nc6 4. Qe3 Nf6 5. Nc3 Bb4 6. Bd2 O-O 7. O-O-O Re8 8. Qg3 d6 9. f3 Be6 10. Nge2 a5 11. Bg5 a4 12. a3 Bc5 13. f4 Qe7 14. e5 dxe5 15. fxe5 Nh5 16. Bxe7 Nxg3 17. Bxc5 Nxh1 18. g3 Bg4 19. Rd2 Rxe5 20. Bg1 Rae8 21. h3 Bf3 22. g4 h6 23. Bh2 R5e7 24. Bg1 Ne5 25. Nd4 Bc6 26. Nf5 Rd7 27. Re2 f6 28. Re1 Red8 29. Ne4 Bxe4 30. Rxe4 Rd1# 0-1


[Site "https://www.chess.com"]

[Event "Titled Tuesday Blitz April 12 Early 2022"]
[White "Tari, Aryan"]
[Black "Tanenbaum, Zachary"]
[WhiteFideId "1510045"]
[BlackFideId "2060850"]
[WhiteElo "2567"]
[BlackElo "2168"]
[Result "0-1"]
[Round "03"]
[TimeControl "180+1"]
[Date "2022.04.12"]
[WhiteClock "0:00:14"]
[BlackClock "0:00:15"]

1. d4 d5 2. Nf3 Nf6 3. c3 c6 4. Bf4 Bf5 5. e3 Nbd7 6. c4 e6 7. Nc3 Be7 8. h3 O-O 9. Be2 Ne4 10. O-O Bf6 11. Bh2 Re8 12. Nd2 Nxc3 13. bxc3 e5 14. cxd5 cxd5 15. Qb3 Nb6 16. a4 exd4 17. cxd4 Bxd4 18. Rae1 Be5 19. Bxe5 Rxe5 20. Nf3 Re7 21. a5 Nc4 22. Qb4 Nxa5 23. Rd1 Nc6 24. Qc5 Rd7 25. Bb5 Rd6 26. Rd2 a6 27. Ba4 b6 28. Qa3 Na5 29. Bb3 Nxb3 30. Qxb3 a5 31. Nd4 Bg6 32. Nb5 Rd7 33. Nc3 d4 34. Rfd1 d3 35. e4 Rc8 36. Qa3 Qe7 37. Qxe7 Rxe7 38. Rxd3 h6 39. f3 Rb7 40. Nb5 Ra8 41. Rd6 a4 42. Ra1 Ra5 43. Nd4 b5 44. Nc6 Ra8 45. Nb4 a3 46. Ra2 Ra4 47. Rd4 f6 48. Kf2 Bf7 49. Ra1 a2 50. Ke3 Bc4 51. Nc2 Bb3 52. Nb4 Rc7 53. Kd2 Rc4 54. Rxc4 Bxc4 55. Kc3 Ra3+ 56. Kd4 Rb3 57. Nc2 Rb2 58. Kc3 Rb3+ 59. Kd4 Rb1 60. Kc3 b4+ 61. Kxc4 b3 62. Na3 Rxa1 63. Kxb3 Rg1 64. Kxa2 Rxg2+ 65. Kb3 Rg3 66. Kc4 Rxf3 67. Nb5 Rxh3 68. Nd4 h5 69. Kd5 Rg3 70. Nf5 Rg4 71. Kd4 h4 72. Ke3 h3 73. Kf3 Rg5 0-1


[Site "https://www.chess.com"]

[Event "Titled Tuesday Blitz April 12 Early 2022"]
[White "Timofeev, Artyom"]
[Black "Mustafayev, Farid"]
[WhiteFideId "4140419"]
[BlackFideId "13408771"]
[WhiteElo "2594"]
[BlackElo "2115"]
[Result "1-0"]
[Round "03"]
[TimeControl "180+1"]
[Date "2022.04.12"]
[WhiteClock "0:00:49"]
[BlackClock "0:00:32"]

1. e4 c6 2. Nf3 d5 3. d3 Bg4 4. Nbd2 e6 5. h3 Bh5 6. g3 Nd7 7. Bg2 dxe4 8. Nxe4 Ngf6 9. Nxf6+ Nxf6 10. g4 Bg6 11. Nh4 Bd6 12. Nxg6 hxg6 13. Bd2 Qc7 14. Qf3 Nd5 15. O-O-O Bf4 16. Be3 O-O-O 17. Rhe1 g5 18. Kb1 Qa5 19. a3 e5 20. Qe4 g6 21. Qc4 Rhf8 22. d4 Nxe3 23. fxe3 Bg3 24. Rf1 exd4 25. exd4 Bf4 26. h4 Qc7 27. hxg5 Bxg5 28. Qc5 Be3 29. Qxa7 Qg3 30. Bf3 f5 31. gxf5 Rxf5 32. Be2 Rxf1 33. Rxf1 Bxd4 34. Qa8+ Qb8 35. Bg4+ Kc7 36. Rf7+ Kd6 37. Qa4 Qa7 38. Qc4 Qc5 39. Qe6# 1-0


[Site "https://www.chess.com"]